Workbook

Sheet Pivot 1
A1: Industry | B1: count | C1: sum(Market Capitalization [My Setting] [02/14/2020] ($USDmm, Historical rate)) | D1: sum(Market Capitalization [My Setting] [02/21/2020] ($USDmm, Historical rate)) | E1: sum(Market Capitalization [My Setting] [02/28/2020] ($USDmm, Historical rate)) | F1: sum(Market Capitalization [My Setting] [03/06/2020] ($USDmm, Historical rate)) | G1: sum(Market Capitalization [My Setting] [03/13/2020] ($USDmm, Historical rate)) | H1: sum(Market Capitalization [My Setting] [03/20/2020] ($USDmm, Historical rate)) | I1: sum(Market Capitalization [My Setting] [03/27/2020] ($USDmm, Historical rate)) | J1: sum(Market Capitalization [My Setting] [04/03/2020] ($USDmm, Historical rate)) | K1: sum(Market Capitalization [My Setting] [04/10/2020] ($USDmm, Historical rate)) | L1: sum(Market Capitalization [My Setting] [04/17/2020] ($USDmm, Historical rate)) | M1: sum(Market Capitalization [My Setting] [04/24/2020] ($USDmm, Historical rate)) | N1: sum(Market Capitalization [My Setting] [05/01/2020] ($USDmm, Historical rate)) | O1: sum(Total Revenue [LTM] ($USDmm, Historical rate)) | P1: sum(EBITDA [LTM] ($USDmm, Historical rate)) | Q1: sum(EBIT [LTM] ($USDmm, Historical rate)) | R1: sum(Net Income [LTM] ($USDmm, Historical rate)) | S1: sum(Total Cash & ST Investments [Latest Quarter] ($USDmm, Historical rate)) | T1: sum(Total Debt [Latest Quarter] ($USDmm, Historical rate)) | U1: sum(Total Equity [Latest Quarter] ($USDmm, Historical rate)) | V1: sum(Repurchase of Common Stock [LTM] ($USDmm, Historical rate)) | W1: sum(Issuance of Common Stock [LTM] ($USDmm, Historical rate)) | X1: sum(Total Dividends Paid [LTM] ($USDmm, Historical rate))
A2: Advertising | B2: 259 | C2: 175192.38 | D2: 175081.3 | E2: 154606.05 | F2: 153076.74 | G2: 129418.26 | H2: 109936.13 | I2: 118669.59 | J2: 113045.35 | K2: 127755.6 | L2: 128464.26 | M2: 127399.92 | N2: 134435.78 | O2: 152401.54 | P2: 19069.029 | Q2: 13398.728 | R2: 4875.326 | S2: 31449.243 | T2: 73159.169 | U2: 80928.759 | V2: -1192.808 | W2: 1440.096 | X2: -4614.928
A3: Aerospace/Defense | B3: 212 | C3: 1217843.7 | D3: 1205631 | E3: 1053824.9 | F3: 1036118.2 | G3: 838442.35 | H3: 674146.36 | I3: 792274.41 | J3: 683572.97 | K3: 820942.4 | L3: 832719.46 | M3: 782706.17 | N3: 799014.85 | O3: 702318.72 | P3: 75314.275 | Q3: 51312.257 | R3: 28052.168 | S3: 108533.85 | T3: 290025.34 | U3: 219129.06 | V3: -11459.152 | W3: 4127.879 | X3: -19081.76
A4: Air Transport | B4: 150 | C4: 556178.05 | D4: 546728.53 | E4: 463121.96 | F4: 454538.79 | G4: 380516.11 | H4: 313481.5 | I4: 338317.23 | J4: 304579.61 | K4: 347602.61 | L4: 348590.2 | M4: 332767.87 | N4: 351688.05 | O4: 672079.7 | P4: 99728.41 | Q4: 52217.073 | R4: 22856.514 | S4: 118203.05 | T4: 485337.08 | U4: 272750.21 | V4: -7823.638 | W4: 3244.85 | X4: -15032.567
A5: Apparel | B5: 799 | C5: 1064738 | D5: 1050199.2 | E5: 958923.08 | F5: 961139.31 | G5: 797662.35 | H5: 754026.82 | I5: 830047.63 | J5: 766878.63 | K5: 850724.81 | L5: 868885.01 | M5: 826052.01 | N5: 859757.12 | O5: 580516.37 | P5: 87190.632 | Q5: 66490.148 | R5: 32620.2 | S5: 100075.45 | T5: 228057.49 | U5: 371170.05 | V5: -5490.985 | W5: 1916.478 | X5: -19747.974
A6: Auto & Truck | B6: 126 | C6: 1203034.1 | D6: 1222121.5 | E6: 1096271.2 | F6: 1099665.4 | G6: 925471.99 | H6: 809317.62 | I6: 910069.94 | J6: 822112.03 | K6: 940978.96 | L6: 975917.58 | M6: 942865.91 | N6: 975049.67 | O6: 2432510 | P6: 211881.16 | Q6: 112606.34 | R6: 87919.261 | S6: 445109.87 | T6: 1469250.4 | U6: 1216829.1 | V6: -6551.745 | W6: 5514.507 | X6: -37547.655
A7: Auto Parts | B7: 645 | C7: 533518.33 | D7: 535288.33 | E7: 491446.91 | F7: 481607.93 | G7: 412285.14 | H7: 355903.73 | I7: 386753.14 | J7: 356894.1 | K7: 404235.28 | L7: 407754 | M7: 401620.7 | N7: 416874.92 | O7: 917968.23 | P7: 86922.939 | Q7: 43691.098 | R7: 21579.964 | S7: 123857.93 | T7: 214565.11 | U7: 436839.87 | V7: -3732.375 | W7: 2014.36 | X7: -12403.528
A8: Bank (Money Center) | B8: 551 | C8: 6809927.4 | D8: 6703386.2 | E8: 6157009 | F8: 5949293.4 | G8: 5190020.1 | H8: 4624099.9 | I8: 4836206.9 | J8: 4596944.8 | K8: 4994989.7 | L8: 4857795.4 | M8: 4703149.8 | N8: 4926012.8 | O8: 2236421.5 | P8: 3459.8 | Q8: 3341.825 | R8: 659674.98 | S8: 23768962 | T8: 18863838 | U8: 7429242.8 | V8: -25433.861 | W8: 121320.28 | X8: -183105.28
A9: Banks (Regional) | B9: 775 | C9: 1012959.1 | D9: 1002313.4 | E9: 893369.96 | F9: 851534.73 | G9: 749684.94 | H9: 655871.27 | I9: 707099.17 | J9: 644131.64 | K9: 745716.51 | L9: 704814.41 | M9: 701713.68 | N9: 738530.19 | O9: 312484.49 | P9: -59.9 | Q9: -61.2 | R9: 83283.718 | S9: 1555659.3 | T9: 1744053.1 | U9: 1148941.1 | V9: -2470.476 | W9: 9842.22 | X9: -12862.101
A10: Beverage (Alcoholic) | B10: 187 | C10: 1143249.5 | D10: 1148294.9 | E10: 1029730.3 | F10: 1071253.6 | G10: 937134.94 | H10: 871541.69 | I10: 915488.19 | J10: 904809.59 | K10: 977791.84 | L10: 987828.34 | M10: 969357.29 | N10: 1004591.3 | O10: 337206.85 | P10: 89145.421 | Q10: 73075.169 | R10: 43504.987 | S10: 72213.057 | T10: 251416.59 | U10: 353352.63 | V10: -11346.877 | W10: 7256.343 | X10: -23888.18
A11: Beverage (Soft) | B11: 75 | C11: 702349.03 | D11: 700167.09 | E11: 630461.81 | F11: 648919.11 | G11: 576633.31 | H11: 480407.1 | I11: 529346.19 | J11: 536732.12 | K11: 590057.16 | L11: 588316.38 | M11: 569751.47 | N11: 566317.45 | O11: 234650.15 | P11: 45477.767 | Q11: 36187.101 | R11: 24928.401 | S11: 48722.252 | T11: 149987.64 | U11: 126673.71 | V11: -5782.091 | W11: 1954.172 | X11: -15422.952
A12: Broadcasting | B12: 121 | C12: 164680.75 | D12: 156435.38 | E12: 139795.37 | F12: 133109.45 | G12: 113289.13 | H12: 93966.68 | I12: 100478.67 | J12: 93220.66 | K12: 108464.31 | L12: 107772.68 | M12: 103723.2 | N12: 108624.56 | O12: 146385.56 | P12: 30364.345 | Q12: 23559.473 | R12: 24231.894 | S12: 22117.632 | T12: 117303.47 | U12: 120657.25 | V12: -1794.49 | W12: 333.656 | X12: -10260.901
A13: Brokerage & Investment Banking | B13: 380 | C13: 823411.26 | D13: 851471.18 | E13: 769142.19 | F13: 778556.99 | G13: 720489.77 | H13: 633203.62 | I13: 667717.76 | J13: 650202.05 | K13: 702766.31 | L13: 702649.06 | M13: 677905.87 | N13: 700202.07 | O13: 371580.74 | P13: 5974.65 | Q13: 5520.811 | R13: 49784.986 | S13: 2820358.6 | T13: 1990190 | U13: 638786.54 | V13: -8773.34 | W13: 9078.483 | X13: -20949.56
... A96: Missing | B96: 5 | C96: 880.5 | D96: 877.1 | E96: 829.2 | F96: 864.7 | G96: 748.7 | H96: 682.51 | I96: 727.85 | J96: 722.95 | K96: 752.71 | L96: 774.3 | M96: 766.89 | N96: 783.7 | O96: 2.9 | P96: 0.314 | Q96: 0.275 | R96: 1.39 | S96: 13.361 | T96: 0.176 | U96: 14.99 | V96: 0 | W96: 3.84 | X96: -0.901

Sheet Mkt Cap Change
C1: Market Cap | F1: Dollar Change | I1: % Change
A2: ='Pivot 1'!A1 -> Industry | B2: Number of firms | C2: 43875 | D2: 43910 | E2: 43952 | F2: 2/14-3/20 | G2: 3/20-5/1 | H2: 2/14 - 5/1 | I2: 2/14-3/20 | J2: 3/20-5/1 | K2: 2/14 - 5/1
A3: ='Pivot 1'!A2 -> Advertising | B3: ='Pivot 1'!B2 -> 259 | C3: ='Pivot 1'!C2 -> 175192.38 | D3: ='Pivot 1'!H2 -> 109936.13 | E3: ='Pivot 1'!N2 -> 134435.78 | F3: =D3-C3 -> -65256.25 | G3: =E3-D3 -> 24499.652 | H3: =E3-C3 -> -40756.598 | I3: =D3/C3-1 -> -0.37248338 | J3: =E3/D3-1 -> 0.22285351 | K3: =E3/C3-1 -> -0.2326391
A4: ='Pivot 1'!A3 -> Aerospace/Defense | B4: ='Pivot 1'!B3 -> 212 | C4: ='Pivot 1'!C3 -> 1217843.7 | D4: ='Pivot 1'!H3 -> 674146.36 | E4: ='Pivot 1'!N3 -> 799014.85 | F4: =D4-C4 -> -543697.37 | G4: =E4-D4 -> 124868.49 | H4: =E4-C4 -> -418828.88 | I4: =D4/C4-1 -> -0.44644264 | J4: =E4/D4-1 -> 0.1852246 | K4: =E4/C4-1 -> -0.3439102
A5: ='Pivot 1'!A4 -> Air Transport | B5: ='Pivot 1'!B4 -> 150 | C5: ='Pivot 1'!C4 -> 556178.05 | D5: ='Pivot 1'!H4 -> 313481.5 | E5: ='Pivot 1'!N4 -> 351688.05 | F5: =D5-C5 -> -242696.55 | G5: =E5-D5 -> 38206.55 | H5: =E5-C5 -> -204490 | I5: =D5/C5-1 -> -0.43636485 | J5: =E5/D5-1 -> 0.12187817 | K5: =E5/C5-1 -> -0.36767003
A6: ='Pivot 1'!A5 -> Apparel | B6: ='Pivot 1'!B5 -> 799 | C6: ='Pivot 1'!C5 -> 1064738 | D6: ='Pivot 1'!H5 -> 754026.82 | E6: ='Pivot 1'!N5 -> 859757.12 | F6: =D6-C6 -> -310711.2 | G6: =E6-D6 -> 105730.3 | H6: =E6-C6 -> -204980.9 | I6: =D6/C6-1 -> -0.29181939 | J6: =E6/D6-1 -> 0.14022087 | K6: =E6/C6-1 -> -0.19251769
A7: ='Pivot 1'!A6 -> Auto & Truck | B7: ='Pivot 1'!B6 -> 126 | C7: ='Pivot 1'!C6 -> 1203034.1 | D7: ='Pivot 1'!H6 -> 809317.62 | E7: ='Pivot 1'!N6 -> 975049.67 | F7: =D7-C7 -> -393716.46 | G7: =E7-D7 -> 165732.05 | H7: =E7-C7 -> -227984.41 | I7: =D7/C7-1 -> -0.32726958 | J7: =E7/D7-1 -> 0.20477998 | K7: =E7/C7-1 -> -0.18950786
A8: ='Pivot 1'!A7 -> Auto Parts | B8: ='Pivot 1'!B7 -> 645 | C8: ='Pivot 1'!C7 -> 533518.33 | D8: ='Pivot 1'!H7 -> 355903.73 | E8: ='Pivot 1'!N7 -> 416874.92 | F8: =D8-C8 -> -177614.6 | G8: =E8-D8 -> 60971.19 | H8: =E8-C8 -> -116643.41 | I8: =D8/C8-1 -> -0.3329119 | J8: =E8/D8-1 -> 0.17131371 | K8: =E8/C8-1 -> -0.21863056
A9: ='Pivot 1'!A8 -> Bank (Money Center) | B9: ='Pivot 1'!B8 -> 551 | C9: ='Pivot 1'!C8 -> 6809927.4 | D9: ='Pivot 1'!H8 -> 4624099.9 | E9: ='Pivot 1'!N8 -> 4926012.8 | F9: =D9-C9 -> -2185827.5 | G9: =E9-D9 -> 301912.98 | H9: =E9-C9 -> -1883914.5 | I9: =D9/C9-1 -> -0.32097662 | J9: =E9/D9-1 -> 0.065291189 | K9: =E9/C9-1 -> -0.27664238
A10: ='Pivot 1'!A9 -> Banks (Regional) | B10: ='Pivot 1'!B9 -> 775 | C10: ='Pivot 1'!C9 -> 1012959.1 | D10: ='Pivot 1'!H9 -> 655871.27 | E10: ='Pivot 1'!N9 -> 738530.19 | F10: =D10-C10 -> -357087.81 | G10: =E10-D10 -> 82658.92 | H10: =E10-C10 -> -274428.89 | I10: =D10/C10-1 -> -0.35251948 | J10: =E10/D10-1 -> 0.12602918 | K10: =E10/C10-1 -> -0.27091804
A11: ='Pivot 1'!A10 -> Beverage (Alcoholic) | B11: ='Pivot 1'!B10 -> 187 | C11: ='Pivot 1'!C10 -> 1143249.5 | D11: ='Pivot 1'!H10 -> 871541.69 | E11: ='Pivot 1'!N10 -> 1004591.3 | F11: =D11-C11 -> -271707.82 | G11: =E11-D11 -> 133049.63 | H11: =E11-C11 -> -138658.19 | I11: =D11/C11-1 -> -0.23766275 | J11: =E11/D11-1 -> 0.15266009 | K11: =E11/C11-1 -> -0.12128428
A12: ='Pivot 1'!A11 -> Beverage (Soft) | B12: ='Pivot 1'!B11 -> 75 | C12: ='Pivot 1'!C11 -> 702349.03 | D12: ='Pivot 1'!H11 -> 480407.1 | E12: ='Pivot 1'!N11 -> 566317.45 | F12: =D12-C12 -> -221941.93 | G12: =E12-D12 -> 85910.35 | H12: =E12-C12 -> -136031.58 | I12: =D12/C12-1 -> -0.31599948 | J12: =E12/D12-1 -> 0.17882823 | K12: =E12/C12-1 -> -0.19368088
A13: ='Pivot 1'!A12 -> Broadcasting | B13: ='Pivot 1'!B12 -> 121 | C13: ='Pivot 1'!C12 -> 164680.75 | D13: ='Pivot 1'!H12 -> 93966.68 | E13: ='Pivot 1'!N12 -> 108624.56 | F13: =D13-C13 -> -70714.07 | G13: =E13-D13 -> 14657.88 | H13: =E13-C13 -> -56056.19 | I13: =D13/C13-1 -> -0.42940095 | J13: =E13/D13-1 -> 0.15599019 | K13: =E13/C13-1 -> -0.34039309
A14: ='Pivot 1'!A13 -> Brokerage & Investment Banking | B14: ='Pivot 1'!B13 -> 380 | C14: ='Pivot 1'!C13 -> 823411.26 | D14: ='Pivot 1'!H13 -> 633203.62 | E14: ='Pivot 1'!N13 -> 700202.07 | F14: =D14-C14 -> -190207.64 | G14: =E14-D14 -> 66998.45 | H14: =E14-C14 -> -123209.19 | I14: =D14/C14-1 -> -0.23099956 | J14: =E14/D14-1 -> 0.1058087 | K14: =E14/C14-1 -> -0.14963263
... A96: ='Pivot 1'!A95 -> Utility (Water) | B96: ='Pivot 1'!B95 -> 89 | C96: ='Pivot 1'!C95 -> 143483.98 | D96: ='Pivot 1'!H95 -> 112221.96 | E96: ='Pivot 1'!N95 -> 124804.98 | F96: =D96-C96 -> -31262.02 | G96: =E96-D96 -> 12583.019 | H96: =E96-C96 -> -18679.001 | I96: =D96/C96-1 -> -0.21787812 | J96: =E96/D96-1 -> 0.11212617 | K96: =E96/C96-1 -> -0.13018179

Sheet Aggregate
